 Dungeon Crawl Stone Soup version 0.23.2-1-ga50397a6bc (webtiles) character file.

Game seed: 12763570744899922418

35 Jaijje the Skirmisher (level 3, -3/22 HPs)
             Began as a Tengu Skald on May 18, 2019.
             Slain by a gnoll (6 damage)
             ... on level 2 of the Dungeon.
             The game lasted 00:02:16 (1341 turns).

Jaijje the Skirmisher (Tengu Skald)                 Turns: 1341, Time: 00:02:17

Health: -3/22      AC:  3    Str: 12    XL:     3   Next: 35%
Magic:  7/7        EV: 12    Int: 13    God:
Gold:   79         SH:  0    Dex: 13    Spells: 5/6 levels left

rFire    . . .     SeeInvis .   a - +0 spear
rCold    . . .     Gourm    .   (no shield)
rNeg     . . .     Faith    .   b - +0 leather armour
rPois    .         Spirit   .   (helmet restricted)
rElec    .         Reflect  .   (no cloak)
rCorr    .         Harm     .   (no gloves)
MR       .....                  (boots unavailable)
Stlth    +.........             (no amulet)
HPRegen  0.07/turn              (no ring)
MPRegen  0.10/turn              (no ring)

@: no status effects
A: beak, talons 3
a: no special abilities


You were on level 2 of the Dungeon.
You were very hungry.

You visited 1 branch of the dungeon, and saw 3 of its levels.

You collected 79 gold pieces.

Inventory:

Hand Weapons
 a - a +0 spear (weapon)
Missiles
 j - 8 tomahawks (quivered)
Armour
 b - a +0 leather armour (worn)
Scrolls
 c - 2 scrolls of remove curse {unknown}
 h - 3 scrolls of identify {unknown}
 i - a scroll of magic mapping {unknown}
 k - a scroll of enchant armour {unknown}
Potions
 e - a potion of ambrosia
 f - a potion of magic {unknown}
 g - a potion of curing {unknown}
 l - a potion of heal wounds {unknown}
Comestibles
 d - 3 rations


   Skills:
 * Level 2.7 Fighting
 + Level 2.6 Polearms
 + Level 1.7 Armour
 + Level 2.6 Dodging
 - Level 2.0 Spellcasting
 - Level 2.4 Charms


You had 5 spell levels left.
You knew the following spells:

 Your Spells              Type           Power        Failure   Level  Hunger
a - Infusion              Chrm           #...         12%         1    ##.....

Your spell library contained the following spells:

 Spells                   Type           Power        Failure   Level  Hunger
 Song of Slaying          Chrm           #.......     19%         2    ###....
 Shroud of Golubria       Chrm/Tloc      #.........   30%         2    ###....
 Regeneration             Chrm/Necr      #.........   52%         3    ####...
 Spectral Weapon          Hex/Chrm       #.......     52%         3    ####...


Dungeon Overview and Level Annotations

Branches:
Dungeon (3/15)

Altars:
Uskayaw
The Shining One


Innate Abilities, Weirdness & Mutations

You have a beak for a mouth.
You have claws for feet.


Message History

There is an open door here.
There is a stone staircase leading down here.
You climb downwards. 3 gnolls come into view.
The gnoll shouts! x3
Found 8 gold pieces.
Found a hide-covered altar of Uskayaw.
There is a stone staircase leading up here.
The gnoll hits you from afar with a +0 halberd!
The gnoll hits you.
You climb upwards.
There is a stone staircase leading down here.
You closely miss the gnoll. You hit the gnoll but do no damage.
You peck the gnoll.
The gnoll is lightly wounded.
The gnoll hits you.
* * * LOW HITPOINT WARNING * * *
You hit the gnoll but do no damage. Your kick misses the gnoll.
The gnoll is lightly wounded.
The gnoll hits you.
You die...

#.###.###.#.### #.....#
#.#.# #.##### #.#.# #.#
#.#.# #.#######.#.#
#######.........#.#######
#........########.......#
#.######.# #.#####.# #.#
####@########.### #.# #.#
#..g............###.#
#.###.##.########.#..>...
#........# ##...####.#
#####.#### #.....###.#
#.# ##........# #.#
##.####### #.### #.#
#...# #.#


You could see a gnoll.

Vanquished Creatures
  An ooze (D:2)
  A worm (D:2)
  A leopard gecko (D:1)
  3 giant cockroaches
  3 goblins (D:1)
  3 hobgoblins
  5 kobolds
  5 bats
  4 rats
26 creatures vanquished.

Notes
Turn   | Place    | Note
-------+----------+-------------------------------------------
     0 | D:1      | Jaijje the Tengu Skald began the quest for the Orb.
     0 | D:1      | Reached XP level 1. HP: 12/12 MP: 4/4
   117 | D:1      | Reached XP level 2. HP: 6/17 MP: 6/6
   745 | D:2      | Found a glowing golden altar of the Shining One.
   810 | D:2      | Reached XP level 3. HP: 22/22 MP: 7/7
   840 | D:2      | HP: 1/22 [worm (10)]
  1335 | D:3      | Found a hide-covered altar of Uskayaw.
  1341 | D:2      | Slain by a gnoll

Action                   || total
-------------------------++-------
Melee: Spear             ||    62
       Peck              ||     5
       Kick              ||    12
 Cast: Infusion          ||     1
  Use: Potion            ||     1
Armor: Leather armour    ||    18
Dodge: Dodged            ||    37
